 Dungeon Crawl Stone Soup version 0.26-a0-1060-g086102a3f0 (webtiles) character file.

Game seed: 13446381222654358419

88 dolemite99 the Grasshopper (level 4, -4/38 HPs)
             Began as a Gnoll Warper on Dec 13, 2020.
             Killed from afar by an orc wizard (10 damage)
             ... with a puff of flame
             ... on level 5 of the Dungeon.
             The game lasted 00:04:06 (3416 turns).

dolemite99 the Grasshopper (Gnoll Warper)           Turns: 3416, Time: 00:04:07

Health: -4/38      AC:  9    Str: 14    XL:     4   Next: 53%
Magic:  11/11      EV:  7    Int: 15    God:
Gold:   163        SH:  0    Dex: 15    Spells: 11/13 levels left

rFire    . . .     SeeInvis .   a - +0 spear
rCold    . . .     Faith    .   (no shield)
rNeg     . . .     Spirit   .   l - +0 chain mail (curse)
rPois    .         Reflect  .   (no helmet)
rElec    .         Harm     .   (no cloak)
rCorr    .         Rampage  .   (no gloves)
Will     .....                  k - +0 pair of boots
Stlth    ..........             (no amulet)
HPRegen  0.12/turn              (no ring)
MPRegen  0.12/turn              (no ring)

@: drained
A: distributed training, fangs 1, strong nose
a: no special abilities


You were on level 5 of the Dungeon.
You visited 1 branch of the dungeon, and saw 5 of its levels.
You also visited: Sewer.

You collected 163 gold pieces.

Inventory:

Hand Weapons
 a - a +0 spear (weapon)
Missiles
 f - 87 arrows
 i - 56 stones (quivered)
 j - 17 poisoned darts
 s - 21 sling bullets
Armour
 b - a +0 leather armour
 h - a +0 scale mail
 k - a +0 pair of boots (worn)
 l - a cursed +0 chain mail (worn)
Jewellery
 e - a cursed ring of attention {unknown}
Scrolls
 c - 2 scrolls of magic mapping {unknown}
 d - a scroll of enchant weapon {unknown}
 g - a scroll of teleportation
 n - a scroll of remove curse {unknown}
 p - a scroll of fear {unknown}
 q - 2 scrolls of noise {unknown}
 r - a scroll of enchant armour {unknown}
Potions
 m - a potion of cancellation


   Skills:
 + Level 4.6(3.6) Fighting
 + Level 1.2(0.2) Short Blades
 + Level 1.2(0.2) Long Blades
 + Level 1.2(0.2) Axes
 + Level 1.2(0.2) Maces & Flails
 + Level 4.6(3.6) Polearms
 + Level 1.2(0.2) Staves
 + Level 1.2(0.2) Slings
 + Level 1.2(0.2) Bows
 + Level 1.2(0.2) Crossbows
 + Level 2.8(1.8) Throwing
 + Level 2.8(1.8) Armour
 + Level 4.6(3.6) Dodging
 + Level 1.2(0.2) Stealth
 + Level 1.2(0.2) Shields
 + Level 1.2(0.2) Unarmed Combat
 + Level 5.1(4.0) Spellcasting
 + Level 1.0(0.0) Conjurations
 + Level 1.0(0.0) Hexes
 + Level 1.0(0.0) Summonings
 + Level 1.0(0.0) Necromancy
 + Level 5.5(4.4) Translocations
 + Level 1.0(0.0) Transmutations
 + Level 1.0(0.0) Fire Magic
 + Level 1.0(0.0) Ice Magic
 + Level 1.0(0.0) Air Magic
 + Level 1.0(0.0) Earth Magic
 + Level 1.0(0.0) Poison Magic
 + Level 1.3(0.3) Invocations
 + Level 1.2(0.2) Evocations


You had 11 spell levels left.
You knew the following spells:

 Your Spells              Type           Power        Failure   Level
a - Blink                 Tloc           N/A          75%         2

Your spell library contained the following spells:

 Spells                   Type           Power        Failure   Level
 Gell's Gravitas          Tloc           ###.......   93%         3
 Lesser Beckoning         Tloc           ###.......   93%         3
 Teleport Other           Tloc           ###.....     93%         3
 Passage of Golubria      Tloc           N/A          100%        4


Dungeon Overview and Level Annotations

Branches:
Dungeon (6/15)              Sewer (visited)
 Temple: D:4-7

Altars:

Annotations:
D:2 exclusion: downstairs
D:3 Ijyb, Purgy, Sigmund


Innate Abilities, Weirdness & Mutations

Your experience applies equally to all skills.
You have very sharp teeth.
Your uncanny sense of smell can sniff out nearby items.


Message History

You barely miss the orc wizard.
The orc wizard is almost dead.
You barely miss the orc wizard.
The orc wizard is almost dead.
The orc wizard barely misses you.
The orc wizard mumbles some strange words.
The orc wizard blinks!
You hit the orc wizard but do no damage.
The orc wizard is almost dead.
The orc wizard casts a spell.
The orc wizard flickers and vanishes!
Deactivating autopickup; reactivate with Ctrl-A.
The orc wizard casts a spell.
The orc wizard blinks!
You closely miss something. Something hits you but does no damage.
You hit something but do no damage.
You hear some strange, mumbled words.
A puff of flame appears from out of thin air!
The puff of flame hits you!
You die...

..# ## #... .#
##########... .#
#.......##.$.###
.#
#.......##.....#
.# #.......##.
.§.. .#
#......>#
#.##.##.#
#.......#
#...§{@.#
#.......#
####.####
#.......# #.#
#.########## #.#
#†### #...###.#
....# #.....§.#
#.#.# ...# ...
#.#.#####.## ##.
#......#...# .


There were no monsters in sight!

Vanquished Creatures
  An adder (D:2)
  An ooze (D:1)
  A worm (D:2)
  A dart slug (D:2)
  2 leopard geckos
  An orc (D:5)
  A giant cockroach (D:1)
  6 goblins
  5 hobgoblins
  3 jackals (D:1)
  5 quokkas
  3 ball pythons
  9 bats
  7 frilled lizards
  10 kobolds
  7 rats
63 creatures vanquished.

Notes
Turn   | Place    | Note
-------+----------+-------------------------------------------
     0 | D:1      | dolemite99 the Gnoll Warper began the quest for the Orb.
     0 | D:1      | Reached XP level 1. HP: 20/20 MP: 6/6
    73 | D:1      | Reached XP level 2. HP: 25/26 MP: 7/7
   516 | D:1      | Reached skill level 5 in Spellcasting
   516 | D:1      | Reached XP level 3. HP: 23/31 MP: 7/9
   961 | D:1      | Learned a level 2 spell: Blink
  1046 | D:2      | Reached skill level 1 in Invocations
  1267 | D:2      | Reached skill level 1 in Short Blades
  1267 | D:2      | Reached skill level 1 in Long Blades
  1267 | D:2      | Reached skill level 1 in Axes
  1267 | D:2      | Reached skill level 1 in Maces & Flails
  1267 | D:2      | Reached skill level 1 in Staves
  1267 | D:2      | Reached skill level 1 in Slings
  1267 | D:2      | Reached skill level 1 in Bows
  1267 | D:2      | Reached skill level 1 in Crossbows
  1267 | D:2      | Reached skill level 1 in Stealth
  1267 | D:2      | Reached skill level 1 in Shields
  1267 | D:2      | Reached skill level 1 in Unarmed Combat
  1267 | D:2      | Reached skill level 1 in Evocations
  1294 | D:2      | Reached XP level 4. HP: 29/38 MP: 11/11
  2357 | D:3      | Found a glowing drain.
  2366 | Sewer    | Entered a sewer
  2383 | Sewer    | Noticed Purgy
  2859 | D:3      | Noticed Ijyb
  2867 | D:3      | Noticed Sigmund
  2935 | D:3      | You fall into a shaft and drop 3 floors!
  2955 | D:6      | Noticed an ogre
  2972 | D:5      | Entered Level 5 of the Dungeon
  3311 | D:5      | Noticed a centaur
  3328 | D:5      | Noticed an ogre
  3407 | D:5      | Reached skill level 1 in Conjurations
  3407 | D:5      | Reached skill level 1 in Hexes
  3407 | D:5      | Reached skill level 1 in Summonings
  3407 | D:5      | Reached skill level 1 in Necromancy
  3407 | D:5      | Reached skill level 1 in Transmutations
  3407 | D:5      | Reached skill level 1 in Fire Magic
  3407 | D:5      | Reached skill level 1 in Ice Magic
  3407 | D:5      | Reached skill level 1 in Air Magic
  3407 | D:5      | Reached skill level 1 in Earth Magic
  3407 | D:5      | Reached skill level 1 in Poison Magic
  3416 | D:5      | Killed from afar by an orc wizard

Illustrated notes

Levels and vault maps discovered:
D:1:      dpeg_arrival_long_road, layout_basic
D:2:      layout_basic, hangedman_decor_points, minmay_liquid_box
D:3:      layout_loops_cross, gammafunk_temple_overflow_forgotten,
          cheibrodos_sewer_entry_drain, uniq_sigmund, uniq_ijyb, uniq_grinder
D:5:      layout_loops_cross
D:6:      layout_cave_pools, minmay_temple_entry_slanted

Skill      XL: |  1  2  3  4 |
---------------+-------------+-----
Spellcasting   | 5 |  5.1
Invocations    | 1 |  1.3
Short Blades   | 1 |  1.2
Long Blades    | 1 |  1.2
Axes           | 1 |  1.2
Maces & Flails | 1 |  1.2
Staves         | 1 |  1.2
Slings         | 1 |  1.2
Bows           | 1 |  1.2
Crossbows      | 1 |  1.2
Stealth        | 1 |  1.2
Shields        | 1 |  1.2
Unarmed Combat | 1 |  1.2
Evocations     | 1 |  1.2
Conjurations   | 1 |  1.0
Hexes          | 1 |  1.0
Summonings     | 1 |  1.0
Necromancy     | 1 |  1.0
Transmutations | 1 |  1.0
Fire Magic     | 1 |  1.0
Ice Magic      | 1 |  1.0
Air Magic      | 1 |  1.0
Earth Magic    | 1 |  1.0
Poison Magic   | 1 |  1.0
Fighting       | |  4.6
Polearms       | |  4.6
Throwing       | |  2.8
Armour         | |  2.8
Dodging        | |  4.6
Translocations | |  5.5

Action                   |  1- 3 |  4- 6 || total
-------------------------+-------+-------++-------
Melee: Spear             |   116 |   141 ||   257
       Bite              |     7 |     5 ||    12
       Punch             |     1 |       ||     1
Throw: Boomerang         |     5 |       ||     5
       Stone             |    30 |    49 ||    79
  Use: Scroll            |       |     6 ||     6
       Potion            |       |     1 ||     1
Armor: Leather armour    |     4 |       ||     4
       Scale mail        |     9 |       ||     9
       Chain mail        |    22 |    86 ||   108
Dodge: Dodged            |    40 |    88 ||   128

Table legend: (Time is in decaauts)
 A = Elapsed time spent in this place.
 B = Non-inter-level travel time spent in this place.
 C = Inter-level travel time spent in this place.
 D = Time resting spent in this place.
 E = Time spent auto-exploring this place.
 F = Levels seen in this place.
 G = Mean time per level.
                   A        B        C        D        E       F      G
               +--------+--------+--------+--------+--------+-----+--------+
         Total |   3396 |   3282 |    114 |    905 |   1581 |   6 |  566.0 |
       Dungeon |   3316 |   3202 |    114 |    905 |   1565 |   5 |  663.2 |
         Sewer |     79 |     79 |      0 |      0 |     16 |   1 |   79.0 |
               +--------+--------+--------+--------+--------+-----+--------+

Top non-repeatable levels by time:
     D:2: 1713 daAuts
     D:1: 974 daAuts
     D:5: 439 daAuts
     D:3: 152 daAuts
   Sewer: 79 daAuts
     D:6: 36 daAuts
